 Dungeon Crawl Stone Soup version 0.29.1-1-gd02db6906a (webtiles) character file.

Game seed: 9433914844408368135

128 EvilAshe the Covered (level 5, 0/36 HPs)
             Began as a Human Fighter on Sept 27, 2022.
             Slain by a gnoll
             ... wielding a +0 flail
              (4 damage)
             ... on level 2 of the Dungeon.
             The game lasted 00:05:25 (2436 turns).

EvilAshe the Covered (Human Fighter)                Turns: 2436, Time: 00:05:26

Health: 0/36       AC:  8    Str: 18 (19) XL:     5   Next: 34%
Magic:  5/5        EV:  9    Int:  6 (8)  God:
Gold:   134        SH:  4    Dex: 10 (12) Spells: 2/4 levels left

rFire   . . .      SeeInvis .   a - +0 long sword
rCold   . . .      Faith    .   c - +0 buckler
rNeg    . . .      Spirit   .   b - +0 scale mail
rPois   .          Reflect  .   (no helmet)
rElec   .          Harm     .   (no cloak)
rCorr   .          Rampage  .   (no gloves)
Will    .....                   (no boots)
Stlth   ..........              (no amulet)
HPRegen 0.12/turn               (no ring)
MPRegen 0.09/turn               (no ring)

@: no status effects
A: iridescent scales 1, frail 1
a: no special abilities


You were on level 2 of the Dungeon.
You visited 1 branch of the dungeon, and saw 3 of its levels.

You collected 134 gold pieces.

Inventory:

Hand Weapons
 a - a +0 long sword (weapon)
Missiles
 k - 5 poisoned darts (quivered)
Armour
 b - a +0 scale mail (worn)
 c - a +0 buckler (worn)
Scrolls
 f - 2 scrolls of identify {unknown}
 h - 2 scrolls of teleportation {unknown}
 j - a scroll of magic mapping {unknown}
 m - a scroll of amnesia {unknown}
 n - a scroll of poison {unknown}
Potions
 d - a potion of might
 e - 4 potions of degeneration
 g - a potion of mutation
 i - 2 potions of heal wounds {unknown}
 l - 2 potions of attraction {unknown}


   Skills:
 + Level 3.6 Fighting
 * Level 3.6 Long Blades
 + Level 3.6 Armour
 - Level 3.0 Shields
 + Level 1.1 Air Magic
 + Level 1.1 Poison Magic


You had 2 spell levels left.
You knew the following spells:

 Your Spells              Type           Power      Damage    Failure   Level
a - Poisonous Vapours     Pois/Air       2%         N/A       89%         2

Your spell library contained the following spells:

 Spells                   Type           Power      Damage    Failure   Level
 Corpse Rot               Necr/Pois/Air  0%         N/A       100%        4


Dungeon Overview and Level Annotations

Branches:
Dungeon (3/15)

Altars:

Annotations:
D:2 Terence
D:3 Pargi


Innate Abilities, Weirdness & Mutations

You are partially covered in iridescent scales. (AC +2)
You are frail. (-10% HP)


Message History

There is a stone staircase leading up here.
There is a stone staircase leading down here.
You climb downwards.
Level annotation: Pargi
There is a stone staircase leading up here. 2 gnolls come into view.
The gnoll shouts! x2; You hear a shout! x3
A gnoll comes into view. It is wielding a +0 spear.
There is a stone staircase leading up here.
You hit the gnoll.
The gnoll is moderately wounded.
The gnoll barely misses you.
You hit the gnoll.
The gnoll is heavily wounded.
The gnoll hits you with a +0 flail!
You barely miss the gnoll. The gnoll hits you with a +0 flail.
You climb upwards.
Level annotation: Terence
There is a stone staircase leading down here.
You are too injured to fight recklessly!
You are too injured to fight recklessly!
You are too injured to fight recklessly!
You hit the gnoll but do no damage. The gnoll hits you with a +0 flail!
You hit the gnoll but do no damage. The gnoll hits you with a +0 flail.
You hit the gnoll.
The gnoll is heavily wounded.
The gnoll hits you with a +0 flail!
* * * LOW HITPOINT WARNING * * *
The gnoll hits you with a +0 flail.
* * * LOW HITPOINT WARNING * * *
It was a potion of degeneration.
There was something very wrong with that liquid.
You feel weakened.
You feel dopey.
You feel clumsy. The gnoll closely misses you.
It was a potion of mutation.
You feel extremely strange.
Iridescent scales grow over part of your body.
You feel frail. The gnoll hits you with a +0 flail.
You die...

######### #.......# #.#...#.#
### ###.......# ##.##
#####.......#.###.#.##
#.......##.......###.#
#.###.#.#####.###.#.##
#.##.......@..# ##.##
#.##......g...# #.#
#.##..........# #.# #
#.##.##.......# #.# ♣#
#.)...........# #>######## ~
##.........<..# ##......... ♣##
##.............###..........
~~###..............##..#######..
~~~#.........##.####..#.....##.#


You could see a gnoll.

Vanquished Creatures
  Natasha (thrice) (D:2 D:1)
  2 adders (D:2)
  A worm (D:3)
  A dart slug (D:1)
  3 ball pythons
  3 endoplasms
  3 giant cockroaches
  A hobgoblin (D:2)
  3 jackals (D:3)
  2 kobolds (D:2)
  2 quokkas
  2 bats
  3 frilled lizards
  6 rats
35 creatures vanquished.

Vanquished Creatures (others)
  A plant (D:2)
1 creature vanquished.

Grand Total: 36 creatures vanquished

Notes
Turn   | Place    | Note
-------+----------+-------------------------------------------
     0 | D:1      | EvilAshe the Human Fighter began the quest for the Orb.
     0 | D:1      | Reached XP level 1. HP: 18/18 MP: 1/1
   264 | D:1      | Reached XP level 2. HP: 24/24 MP: 2/2
   316 | D:1      | Found a faded altar of an unknown god.
   845 | D:2      | Reached XP level 3. HP: 9/29 MP: 3/3
  1065 | D:2      | Learned a level 2 spell: Poisonous Vapours
  1381 | D:2      | Noticed Natasha
  1397 | D:2      | Killed Natasha
  1398 | D:2      | Reached XP level 4. HP: 3/35 MP: 4/4
  1752 | D:2      | Noticed Natasha
  1828 | D:3      | Noticed Pargi
  1866 | D:2      | Killed Natasha
  1867 | D:2      | Reached skill level 1 in Air Magic
  1867 | D:2      | Reached skill level 1 in Poison Magic
  1867 | D:2      | Reached XP level 5. HP: 25/41 MP: 5/5
  1976 | D:2      | Noticed Natasha
  2019 | D:1      | Killed Natasha
  2301 | D:2      | Identified the +5 rapier of the Postmodern Lives
                  | {antimagic, rElec Str+4}
  2322 | D:2      | Noticed Terence
  2436 | D:2      | Gained mutation: You are partially covered in iridescent
                  | scales. (AC +2) [potion of mutation]
  2436 | D:2      | Gained mutation: You are frail. (-10% HP) [potion of
                  | mutation]
  2436 | D:2      | Slain by a gnoll

Illustrated notes

Levels and vault maps discovered:
D:1:      lemuel_arrival_room, layout_basic, basic_ecumenical_altar
D:2:      layout_loops_cross, serial_bayou_ford_a, minmay_3d_cube, uniq_natasha,
          uniq_terence
D:3:      layout_basic, uniq_robin, uniq_pargi

Skill      XL: |  1  2  3  4 |
---------------+-------------+-----
Long Blades    | 3 |  3.6
Air Magic      | 1 |  1.1
Poison Magic   | 1 |  1.1
Fighting       | |  3.6
Armour         | |  3.6
Shields        | |  3.0

Action                   |  1- 3 |  4- 6 || total
-------------------------+-------+-------++-------
Melee: Long sword        |   107 |    48 ||   155
  Use: Potion            |       |     2 ||     2
Armor: Scale mail        |    55 |    16 ||    71
Dodge: Dodged            |    51 |    24 ||    75
Block: Buckler           |    26 |     7 ||    33
